 Dungeon Crawl Stone Soup version 0.28.0-47-ge53b351184 (webtiles) character file.

Game seed: 402526770176333334

303 trckry the Caller (level 6, -8/36 HPs)
             Began as an Octopode Summoner on May 11, 2022.
             Was a Believer of Nemelex Xobeh.
             Killed by nerve-wracking pain
             ... invoked by an orc priest
              (9 damage)
             ... on level 4 of the Dungeon.
             The game lasted 00:10:27 (2923 turns).

trckry the Caller (Octopode Summoner)               Turns: 2923, Time: 00:10:27

Health: -8/36      AC:  1    Str:  7    XL:     6   Next: 38%
Magic:  11/11      EV: 13    Int: 20    God:    Nemelex Xobeh [**....]
Gold:   111        SH:  0    Dex: 12    Spells: 1/11 levels left

rFire   . . .      SeeInvis .   k - +2 hand axe (elec)
rCold   . . .      Faith    .   (no shield)
rNeg    . . .      Spirit   .   (helmet restricted)
rPois   +          Reflect  .   (no amulet)
rElec   .          Harm     .   b - ring of poison resistance
rCorr   .          Rampage  .   (no ring)
Will    .....                   (no ring)
Stlth   +++.......              (no ring)
HPRegen 0.12/turn               (no ring)
MPRegen 0.12/turn               (no ring)
                                (no ring)
                                (no ring)

@: no status effects
A: almost no armour, amphibious, 8 rings, camouflage 1, gelatinous body 1,
(nimble swimmer 1), tentacles
a: Renounce Religion, Draw Escape, Draw Destruction, Draw Summoning


You were on level 4 of the Dungeon.
You worshipped Nemelex Xobeh.
Nemelex Xobeh was pleased with you.
You visited 1 branch of the dungeon, and saw 4 of its levels.

You collected 111 gold pieces.

Inventory:

Hand Weapons
 k - a +2 hand axe of electrocution (weapon)
 l - a +0 hunting sling
Missiles
 h - 2 throwing nets
 i - 71 stones
Jewellery
 b - a ring of poison resistance (left tentacle)
Scrolls
 c - 2 scrolls of fear {unknown}
 d - a scroll of brand weapon {unknown}
 f - 2 scrolls of blinking {unknown}
 g - 2 scrolls of teleportation {unknown}
 m - a scroll of magic mapping {unknown}
 n - a scroll of identify {unknown}
 o - a scroll of enchant weapon {unknown}
 p - a scroll of noise {unknown}
Potions
 a - a potion of invisibility {unknown}
 e - 3 potions of curing {unknown}
 j - a potion of flight {unknown}


   Skills:
 - Level 2.0 Dodging
 - Level 2.6 Stealth
 + Level 3.4 Spellcasting
 * Level 6.1 Summonings
 + Level 2.9 Invocations


You had one spell level left.
You knew the following spells:

 Your Spells              Type           Power      Damage    Failure   Level
a - Summon Small Mammal   Summ           100%       N/A       1%          1
b - Call Imp              Summ           27%        N/A       1%          2
c - Call Canine Familiar  Summ           27%        N/A       3%          3
d - Summon Lightning Spi  Summ/Air       15%        N/A       36%         4

Your spell library contained the following spells:

 Spells                   Type           Power      Damage    Failure   Level
 Summon Guardian Golem    Hex/Summ       15%        N/A       12%         3


Dungeon Overview and Level Annotations

Branches:
Dungeon (4/15)
 Temple: D:4-7

Altars:
Dithmenos
Nemelex Xobeh
Sif Muna


Innate Abilities, Weirdness & Mutations

You cannot wear most types of armour.
You are amphibious.
You can wear up to eight rings at the same time.
Your skin changes colour to match your surroundings (Stealth+).
Your rubbery body absorbs attacks. (AC +1, EV +1)
((You are camouflaged when in or above water. (Stealth+)))
You have tentacles for arms and can constrict up to eight enemies at once.


Message History

Your hound bites the orc but does no damage.
The orc priest barely misses you.
The orc hits your hound with a +0 hand axe.
Your hound barely misses the orc.
The orc priest hits you with a +0 flail.
You hit the orc priest but do no damage.
You grab the orc priest.
The orc priest is moderately wounded.
You hit the orc.
You constrict the orc priest, but do no damage.
Your hound bites the orc but does no damage.
The orc barely misses you.
The orc hits your hound but does no damage.
Your hound bites the orc but does no damage.
The orc priest closely misses you.
The orc hits your hound with a +0 hand axe!
The orc hits you with a +0 short sword!
You hit the orc priest but do no damage.
You squeeze the orc priest, but do no damage.
The orc priest is moderately wounded.
You barely miss the orc.
You constrict the orc priest, but do no damage.
Your hound bites the orc.
The orc priest hits you with a +0 flail!
Your hound bites the orc.
The orc barely misses you. The orc closely misses your hound.
You hit the orc priest but do no damage.
The orc priest is moderately wounded.
You hit the orc but do no damage. You constrict the orc priest.
Your hound barely misses the orc.
The orc priest hits you with a +0 flail!
* * * LOW HITPOINT WARNING * * *
The orc hits you with a +0 short sword.
* * * LOW HITPOINT WARNING * * *
The orc closely misses your hound.
Your hound bites the orc.
The orc dies!
The orc priest mumbles some strange prayers to Beogh against you.
Pain shoots through your body!
You die...
Your body glows slightly and disappears.

.# #..
............... .#
####.##.##.#### .#
..##...##.. .#
#.##.....##.# ...#
#.##...#...##.#
..##
.##.........##.
.##
#..)..#.....### ..
.........#........
.##
##.......o@#######
.# #.<..>h.o...#
.# #....)..###.#
####..### .# #..#
. #. ## #


You could see an orc priest, an orc and a friendly hound (summoned).

Vanquished Creatures
  Jessica (D:3)
  3 adders
  2 orcs
  A bat (D:3)
  An endoplasm (D:3)
  3 giant cockroaches (D:3)
  5 goblins
  A hobgoblin (D:3)
  A frilled lizard (D:3)
  A rat (D:3)
19 creatures vanquished.

Vanquished Creatures (collateral kills)
  An ogre (D:3)
  A scorpion (D:3)
  Robin (D:3)
  2 adders
  A dart slug (D:2)
  An orc (D:4)
  7 endoplasms
  4 giant cockroaches
  8 goblins
  5 hobgoblins
  5 kobolds
  3 ball pythons
  3 bats
  7 rats
49 creatures vanquished.

Grand Total: 68 creatures vanquished

Notes
Turn   | Place    | Note
-------+----------+-------------------------------------------
     0 | D:1      | trckry the Octopode Summoner began the quest for the Orb.
     0 | D:1      | Reached XP level 1. HP: 11/11 MP: 3/3
   280 | D:1      | Reached XP level 2. HP: 14/17 MP: 3/5
   283 | D:1      | Learned a level 2 spell: Call Imp
   402 | D:1      | Found a faded altar of an unknown god.
   446 | D:1      | Prayed at the altar of an unknown god.
   446 | D:1      | Became a worshipper of Nemelex Xobeh the Trickster
   446 | D:1      | Reached * piety under Nemelex Xobeh
   778 | D:1      | Received a gift from Nemelex Xobeh
  1135 | D:2      | Reached XP level 3. HP: 21/21 MP: 6/6
  1139 | D:2      | Learned a level 3 spell: Call Canine Familiar
  1486 | D:2      | Reached skill level 1 in Invocations
  1603 | D:3      | Noticed a scorpion
  1614 | D:3      | Killed a scorpion
  1615 | D:3      | Reached skill level 5 in Summonings
  1615 | D:3      | Reached XP level 4. HP: 17/27 MP: 1/8
  1777 | D:3      | Noticed Robin
  1785 | D:3      | Noticed an ogre
  1843 | D:3      | Found a shadowy altar of Dithmenos.
  1858 | D:3      | Reached ** piety under Nemelex Xobeh
  2025 | D:3      | Reached XP level 5. HP: 22/31 MP: 1/9
  2031 | D:3      | Killed Robin
  2144 | D:3      | Noticed Jessica
  2152 | D:3      | Killed Jessica
  2261 | D:3      | Killed an ogre
  2262 | D:3      | Reached XP level 6. HP: 16/36 MP: 7/10
  2458 | D:3      | Reached skill level 6 in Summonings
  2694 | D:3      | Found a shimmering blue altar of Sif Muna.
  2837 | D:3      | Learned a level 4 spell: Summon Lightning Spire
  2923 | D:4      | HP: 3/36 [orc priest/+0 flail (11)]
  2923 | D:4      | HP: 1/36 [orc/+0 short sword (2)]
  2923 | D:4      | Killed from afar by an orc priest

Illustrated notes

Levels and vault maps discovered:
D:1:      dpeg_arrival_arbitrary_a, layout_loops_ring,
          nicolae_ecumenical_lake_church, minmay_misc_feat_tower, st_stairs_12
D:2:      layout_basic, minmay_goblin_kobold_house
D:3:      layout_rooms, kennysheep_orc_sif_temple, lemuel_crystal_altar,
          uniq_jessica, uniq_robin
D:4:      layout_loops_cross, minmay_temple_entry_nine_rooms,
          gup_sewer_entry_spiral, minmay_parallelograms, minmay_bent

Skill      XL: |  1  2  3  4  5  6 |
---------------+-------------------+-----
Invocations    | 1 2 |  2.9
Summonings     | 5 6 |  6.1
Spellcasting   | 3 |  3.4
Dodging        | |  2.0
Stealth        | |  2.6

Action                   |  1- 3 |  4- 6 || total
-------------------------+-------+-------++-------
Melee: Hand axe          |       |    43 ||    43
       Tentacles         |       |     6 ||     6
       Constrict         |       |    12 ||    12
 Cast: Summon Small Mamm |    44 |    10 ||    54
       Call Imp          |     3 |     7 ||    10
       Call Canine Famil |     1 |     4 ||     5
 Stab: Sleeping          |       |     2 ||     2
Armor: Skin              |     3 |     4 ||     7
Dodge: Dodged            |    23 |    39 ||    62
